Map: Récif abyssal EC

Players

Misha - Winner!

  • Race: Terran Terran
  • League: Platinum
  • Spawn Location: 11:00

zidar

  • Race: Zerg Zerg
  • League: Gold
  • Spawn Location: 5:00

VOD

Have the link to the VOD?

Description

Time

  • Played on: Sept. 1, 2017, 2:48 p.m.
  • Length: 22:02
Show
View Real Time Build Order
Export as new Build Order

Misha Terran - Winner!

Build Orders: Hellion Opening 

Get SALT Encoding   

  12  0:05  SCV  
  13  0:17  SCV  
  13  0:20  Supply Depot  
  14  0:29  Refinery, SCV  
  15  0:45  SCV  
  15  0:47  Barracks  
  16  0:57  SCV  
  17  1:09  SCV  
  18  1:21  SCV  
  19  1:35  Orbital Command  
  19  1:36  Reaper  
  19  1:37  Supply Depot  
  20  1:50  Factory  
  20  2:01  SCV  
  21  2:14  SCV  
  22  2:22  Barracks Reactor  
  22  2:26  SCV  
  22  2:29  Command Center  
  23  2:38  Hellion  
  25  2:45  SCV  
  25  2:50  Bunker  
  26  2:55  Supply Depot  
  26  2:57  SCV  
  27  3:09  Barracks Reactor, Hellion x2  
  31  3:17  SCV  
  31  3:19  Supply Depot  
  32  3:29  SCV  
  32  3:31  Hellion x2  
  37  3:37  Ghost Academy  
  37  3:40  Starport  
  37  3:50  Supply Depot  
  37  3:51  Marine x2, SCV  
  40  3:58  Refinery  
  40  3:59  Hellion x2  
  44  4:17  Starport Tech Lab  
  44  4:18  Marine x2  
  46  4:25  Barracks  
  46  4:29  Hellion x2  
  46  4:30  SCV, Supply Depot  
  51  4:34  SCV  
  52  4:48  SCV  
  52  4:49  Orbital Command  
  52  4:50  Marine x2  
  52  4:51  Raven  
  56  5:18  Cyclone  
  56  5:19  Marine x2, Cyclone  
  56  5:20  Barracks Tech Lab  
  54  5:23  SCV  
  54  5:25  Barracks  
  55  5:36  Engineering Bay  
  55  5:37  Marine, SCV  
  55  5:38  SCV  
  55  5:40  Marine  
  55  5:41  Marine  
  60  5:43  Stimpack  
  60  5:48  Supply Depot  
  60  5:57  SCV x2  
  60  5:59  Marauder  
  60  6:01  Marine  
  60  6:02  Marine, Refinery  
  66  6:05  Medivac  
  68  6:15  Barracks Tech Lab  
  68  6:17  Barracks Reactor  
  68  6:20  Marauder  
  68  6:24  SCV x2  
  72  6:26  Refinery  
  72  6:32  Marine x2, Supply Depot  
  74  6:36  Terran Infantry Weapons Level 1  
  74  6:39  SCV x2  
  76  6:41  Marine  
  76  6:46  Supply Depot  
  77  6:50  Marine  
  77  6:53  Marine, SCV x2, Medivac  
  83  6:56  Engineering Bay  
  83  6:58  Marine x2  
  83  6:59  Marine  
  86  7:04  Supply Depot  
  86  7:08  SCV  
  87  7:13  Marine x2  
  87  7:14  SCV  
  90  7:15  Marine  
  90  7:16  Marine  
  90  7:20  SCV  
  90  7:21  Armory  
  93  7:23  Marine  
  93  7:26  SCV  
  95  7:31  Marine x2, Terran Infantry Armor Level 1  
  95  7:32  SCV  
  98  7:39  SCV  
  98  7:40  Supply Depot  
  98  7:42  Supply Depot  
  99  7:44  SCV  
  99  7:49  Marine x2  
  102  7:51  Combat Shield  
  102  8:01  Marine x3, SCV x2  
  102  8:04  Medivac  
  109  8:05  Siege Tank  
  109  8:07  Marine x2  
  114  8:13  SCV x2  
  114  8:19  Marine x2  
  118  8:28  Marine x3  
  118  8:29  SCV x2  
  118  8:31  Supply Depot x2  
  123  8:41  SCV x2  
  94  9:03  SCV x2  
  94  9:04  Marine  
  94  9:05  Marine x4, Siege Tank  
  94  9:06  Medivac x2  
  108  9:15  SCV  
  108  9:16  SCV  
  110  9:22  Marine x5, Terran Infantry Weapons Level 2  
  110  9:23  Terran Vehicle Weapons Level 1  
  115  9:24  Concussive Shells  
  115  9:27  SCV  
  116  9:32  Command Center  
  116  9:34  SCV  
  116  9:35  Liberator  
  117  9:40  Marine x3, SCV  
  121  9:47  Marine x2, SCV  
  121  9:52  SCV  
  128  9:56  Supply Depot  
  128  9:57  Marine  
  128  9:58  Marine x2  
  131  10:02  SCV  
  131  10:03  Siege Tank  
  135  10:14  Marine  
  139  10:15  SCV  
  139  10:20  Marauder  
  142  10:29  Barracks, Barracks Tech Lab  
  142  10:30  Barracks, Terran Infantry Armor Level 2  
  142  10:32  SCV  
  142  10:35  Liberator x2  
  143  10:41  Refinery  
  143  10:42  Marine, SCV  
  145  10:43  Refinery  
  145  10:44  SCV  
  145  10:47  Marauder  
  150  10:54  Marine, Marauder  
  154  11:00  Marine  
  155  11:07  Supply Depot  
  155  11:09  SCV x2, Orbital Command  
  157  11:17  Marine, Command Center  
  157  11:18  Marine  
  159  11:19  Barracks Tech Lab  
  159  11:21  SCV x2  
  161  11:29  Supply Depot  
  150  11:33  SCV x2  
  150  11:39  Marine x7  
  135  11:41  Siege Tank  
  135  11:42  Viking  
  138  11:49  SCV x2  
  138  11:50  SCV  
  138  11:54  Terran Vehicle And Ship Armor Level 1  
  141  11:58  Marauder x3  
  147  12:01  SCV  
  147  12:02  SCV x2  
  147  12:03  Marine  
  147  12:04  Marine x3  
  154  12:18  Marine  
  154  12:19  Marine, Marauder  
  154  12:22  SCV x3  
  161  12:23  Marine x4  
  165  12:34  Supply Depot  
  165  12:35  Refinery, Supply Depot  
  165  12:36  Marine  
  168  12:37  Marauder  
  168  12:42  Terran Infantry Weapons Level 3  
  168  12:44  Marine x5  
  169  12:45  Siege Tank  
  169  12:48  Liberator x2  
  176  12:54  Marine  
  176  12:57  Supply Depot  
  179  12:58  Marauder, Supply Depot  
  179  13:02  Marauder  
  179  13:03  Marine x4  
  190  13:13  Marauder  
  190  13:16  SCV x3  
  190  13:18  Orbital Command  
  190  13:19  Marine, Siege Tank  
  194  13:21  Marine x2, Terran Infantry Armor Level 3  
  194  13:22  Supply Depot x2  
  196  13:35  Command Center  
  196  13:38  Refinery  
  196  13:39  Missile Turret  
  196  13:42  Missile Turret  
  196  13:48  Marine x4  
  200  14:08  Missile Turret x2  
  200  14:11  Missile Turret  
  200  14:17  Terran Vehicle Weapons Level 2  
  200  14:21  Armory  
  200  14:22  Armory  
  200  14:36  Barracks  
  200  14:37  Barracks x2  
  194  15:20  Siege Tank  
  197  15:25  Barracks Tech Lab  
  197  15:27  Factory  
  197  15:29  Factory, Terran Ship Weapons Level 1, Terran Vehicle And Ship Armor Level 2  
  197  15:31  Neosteel Armor  
  197  15:52  Siege Tank  
  200  16:16  Missile Turret  
  200  16:23  Sensor Tower  
  200  16:26  Refinery, Missile Turret  
  200  16:30  Refinery  
  200  16:34  Factory Tech Lab x2  
  200  16:38  Orbital Command  
  199  16:59  Terran Vehicle Weapons Level 3  
  199  17:00  Sensor Tower  
  196  17:08  Viking  
  196  17:09  Viking  
  128  17:34  Marine x2  
  128  17:35  Marine x2  
  128  17:36  Marine x4  
  127  17:37  Siege Tank x3  
  127  17:52  Marine x2  
  127  17:53  Marine x6, Missile Turret  
  127  17:55  Missile Turret  
  132  18:09  Marine, Siege Tank x3  
  132  18:10  Marine  
  132  18:11  Marine  
  132  18:12  Marine x2  
  144  18:16  Marine  
  144  18:17  Marine x2  
  144  18:19  Viking x2  
  138  18:20  SCV x4  
  140  18:27  Marine  
  140  18:28  Marine x2  
  140  18:30  Marine  
  140  18:32  SCV  
  128  18:38  Sensor Tower  
  127  18:41  Marine, Siege Tank x2  
  127  18:42  Marine x3  
  127  18:45  Marine x2  
  127  18:46  Marine  
  127  18:48  Marine  
  141  18:49  Terran Ship Weapons Level 2, Terran Vehicle And Ship Armor Level 3  
  141  18:51  Barracks  
  141  18:57  Barracks Reactor  
  141  18:58  Barracks Reactor  
  141  18:59  Marine  
  141  19:00  Marine x3  
  141  19:01  Siege Tank  
  148  19:03  Marine x2  
  148  19:04  Marine  
  148  19:05  Marine  
  152  19:10  Starport Tech Lab  
  152  19:13  Siege Tank x2  
  158  19:17  Marine  
  158  19:18  Marine x3  
  158  19:21  Marine x2  
  158  19:22  Marine  
  158  19:23  Marine  
  166  19:35  Marine x4  
  170  19:38  Marine  
  170  19:39  Marine  
  170  19:40  Marine, Barracks  
  170  19:41  Marine  
  170  19:43  Marine  
  170  19:44  Marine x3  
  170  19:45  Raven  
  178  19:47  Siege Tank x3  
  189  19:53  Marine x2  
  189  19:59  Marine x4  
  198  20:00  Marauder x2  
  198  20:01  Marine  
  200  20:20  Hi-Sec Auto Tracking, Command Center  
  200  20:27  Marine x5  
  200  20:28  Marine x7  
  153  20:42  Medivac  
  155  20:43  Siege Tank x3  
  155  20:45  Marine x8  
  155  20:46  Marine x4  
  176  21:03  Marine x4  
  180  21:08  Marine  
  180  21:09  Marine x6  
  187  21:13  Barracks Reactor x2  
  187  21:17  Starport  
  187  21:21  Starport  
  187  21:25  Fusion Core  
Show
View Real Time Build Order
Export as new Build Order

zidar Zerg 

Build Orders: Hatch First 

Get SALT Encoding   

  12  0:01  Drone  
  13  0:13  Overlord  
  13  0:17  Drone  
  14  0:31  Drone x2  
  16  0:37  Drone  
  17  0:55  Hatchery  
  16  0:57  Drone  
  16  1:03  Extractor, Drone  
  17  1:22  Spawning Pool, Drone  
  17  1:28  Drone  
  17  1:32  Drone  
  19  1:48  Drone  
  20  2:09  Queen  
  20  2:10  Queen  
  20  2:14  Drone x4  
  28  2:32  Overlord  
  28  2:33  Overlord  
  28  3:00  Roach Warren  
  28  3:05  Extractor  
  25  3:08  Zergling x12  
  31  3:28  Metabolic Boost  
  31  3:32  Overlord  
  31  3:33  Overlord  
  31  3:40  Queen  
  33  3:43  Roach  
  33  3:44  Roach x4  
  42  4:32  Lair  
  42  4:52  Hatchery  
  41  5:22  Queen  
  43  5:37  Hydralisk Den  
  43  5:41  Glial Reconstitution  
  42  5:44  Evolution Chamber  
  42  5:47  Evolution Chamber, Drone x11  
  42  5:48  Drone x2  
  42  5:49  Drone x2  
  55  5:55  Overlord  
  55  6:10  Extractor x2  
  53  6:32  Zerg Melee Weapons Level 1  
  53  6:37  Zerg Ground Armor Level 1  
  53  6:42  Drone x11  
  64  7:23  Baneling Nest  
  64  7:25  Muscular Augments  
  63  7:43  Extractor  
  62  7:45  Extractor  
  61  7:54  Overlord x3  
  61  7:55  Overlord x2  
  61  8:07  Baneling x11  
  61  8:14  Roach x9  
  61  8:15  Roach x9  
  88  9:06  Hydralisk x5  
  98  9:10  Overlord  
  98  9:11  Overlord x6  
  98  9:28  Queen  
  100  9:47  Zerg Ground Armor Level 2, Zerg Melee Weapons Level 2  
  100  9:51  Drone x6  
  106  9:59  Hydralisk x5  
  116  10:08  Ravager x6  
  116  10:09  Ravager x3  
  125  10:22  Drone x4  
  129  10:31  Drone x6  
  129  10:32  Drone  
  129  10:33  Drone x2  
  129  10:34  Drone x2  
  129  10:35  Drone  
  141  10:36  Drone  
  142  11:12  Hydralisk x6  
  94  11:46  Zergling x24  
  94  11:47  Zergling x18  
  102  12:17  Infestation Pit  
  102  12:20  Centrifical Hooks  
  101  12:23  Zergling x16  
  101  12:24  Zergling x12  
  101  12:25  Hatchery, Baneling  
  101  12:26  Baneling x19  
  101  12:27  Hatchery  
  113  12:34  Spire  
  112  13:03  Hatchery  
  96  13:16  Queen  
  96  13:18  Drone x2  
  96  13:19  Drone x13  
  109  13:26  Zergling x20  
  119  13:33  Hive  
  119  14:15  Corruptor x3  
  119  14:16  Corruptor x2  
  127  14:18  Zergling x36  
  127  14:22  Baneling x19  
  145  15:10  Hydralisk  
  145  15:11  Hydralisk x6  
  156  15:25  Adrenal Glands  
  156  15:33  Ultralisk Cavern  
  156  15:35  Zerg Ground Armor Level 3  
  155  15:36  Zerg Melee Weapons Level 3  
  155  15:59  Extractor  
  155  16:03  Extractor  
  153  16:08  Overlord  
  153  16:09  Overlord x7  
  153  16:34  Ultralisk  
  153  16:35  Ultralisk x4  
  153  16:37  Ultralisk  
  189  16:44  Zergling x2  
  189  16:45  Zergling x18  
  128  17:39  Zergling x26  
  128  17:40  Zergling x22  
  148  17:54  Zergling x2  
  148  17:55  Zergling x8  
  69  18:41  Zergling x20  
  69  18:42  Zergling x16  
  86  18:48  Zergling x2  
  87  19:02  Zergling x4  
  89  19:03  Zergling x6  
  89  19:05  Baneling x3  
  92  19:28  Ultralisk x2  
  92  19:29  Ultralisk x4  
  128  19:34  Hatchery  
  128  19:35  Corruptor  
  128  19:36  Corruptor x4  
  128  19:37  Corruptor  
  139  19:40  Zergling x4  
  139  19:41  Zergling x10  
  139  19:44  Zergling x6  
  147  20:01  Baneling x9  
  147  20:02  Baneling x6  
  145  20:08  Zergling x14  
  80  20:42  Ultralisk x2  
  90  20:43  Ultralisk  
  84  21:11  Ultralisk x2  
  94  21:19  Baneling x9  
  94  21:20  Baneling  
  94  21:21  Baneling x2  
Tags
 
Add a new tag
Caveats
  • Supply blocks, unpowered buildings, or Contaminate may cause inaccurate times.
  • Supply counts are checked every 10 seconds.